Map: Emerald City LE

Players

Massa

  • Race: Terran Terran
  • League: Gold
  • Spawn Location: 5:00

qqq

  • Race: Zerg Zerg
  • Spawn Location: 5:00

Gullesnuffs - Winner!

  • Race: Protoss Protoss
  • League: Diamond
  • Spawn Location: 11:00

TheStone - Winner!

  • Race: Zerg Zerg
  • League: Platinum
  • Spawn Location: 11:00

VOD

Have the link to the VOD?

Description

Time

  • Played on: June 30, 2020, 3:10 p.m.
  • Length: 13:48
Show
View Real Time Build Order
Export as new Build Order

Massa Terran 

Build Orders:  

Get SALT Encoding   

  12  0:03  SCV  
  13  0:15  SCV  
  13  0:19  Supply Depot  
  14  0:27  SCV  
  15  0:41  SCV  
  16  0:43  Barracks  
  16  0:53  SCV  
  17  1:07  SCV  
  18  1:19  SCV  
  19  1:32  Refinery  
  19  1:33  SCV  
  19  1:34  Refinery  
  19  1:37  Marine  
  21  1:46  Barracks  
  21  1:47  SCV  
  22  1:55  Marine  
  23  2:05  Supply Depot  
  23  2:10  Supply Depot  
  23  2:22  Barracks  
  23  2:23  Barracks  
  23  2:26  Marine  
  23  2:27  SCV  
  25  2:34  Supply Depot  
  25  2:39  SCV  
  26  2:44  Marine  
  27  2:52  Marine  
  28  3:02  Marine  
  29  3:09  Marine  
  29  3:16  Command Center  
  29  3:17  Marine  
  29  3:18  Marine  
  31  3:28  Orbital Command  
  31  3:31  Marine  
  32  3:35  Marine  
  32  3:37  Marine  
  32  3:41  Marine  
  35  3:49  Marine  
  35  3:52  Marine  
  37  3:58  Marine  
  37  3:59  Marine  
  39  4:06  Marine  
  40  4:10  Marine  
  40  4:16  Marine  
  40  4:17  Marine  
  37  4:24  Marine  
  37  4:30  SCV  
  37  4:42  SCV  
  37  4:45  SCV  
  39  4:54  SCV  
  39  4:57  SCV  
  42  5:09  SCV  
  42  5:12  Orbital Command  
  42  5:17  Engineering Bay  
  42  5:21  SCV  
  41  5:33  SCV  
  32  5:44  Marine x4  
  36  6:01  SCV x2, Marine  
  36  6:02  Marine x3  
  42  6:12  Terran Infantry Weapons Level 1  
  42  6:13  SCV x2  
  44  6:18  Missile Turret  
  44  6:19  Marine  
  44  6:20  Marine x3  
  49  6:25  SCV  
  49  6:37  Marine  
  49  6:38  Marine  
  49  6:39  Missile Turret  
  51  6:40  Factory  
  51  6:52  Barracks Tech Lab  
  51  6:53  Barracks Reactor  
  51  6:59  Barracks Tech Lab, Marine  
  51  7:01  Missile Turret  
  52  7:16  Missile Turret  
  52  7:17  Marine  
  52  7:19  Missile Turret  
  53  7:22  Missile Turret  
  53  7:34  Marine  
  30  8:06  Marine x2  
  30  8:07  Marine x3  
  30  8:10  Factory Tech Lab  
  35  8:13  Stimpack  
  35  8:14  Combat Shield  
  35  8:19  Command Center  
  35  8:20  Terran Infantry Armor Level 1  
  35  8:24  Armory, Marine x2  
  35  8:25  Marine x3  
  38  8:42  Marine x3  
  38  8:43  Marine x2  
  43  8:50  SCV x2  
  45  8:59  Marine  
  45  9:00  Marine x2  
  45  9:01  Marine x2  
  45  9:02  SCV x2  
  52  9:04  Starport  
  52  9:14  SCV x2  
  56  9:17  Widow Mine, Marine  
  56  9:18  Marine x4  
  61  9:26  SCV  
  62  9:35  Marine  
  62  9:36  SCV, Marine x2  
  62  9:37  Marauder x2  
  62  9:38  Widow Mine, SCV  
  73  9:48  SCV  
  73  9:50  SCV  
  75  9:53  Marine x2  
  77  10:10  Supply Depot  
  77  10:12  Supply Depot  
  77  10:13  Supply Depot  
  77  10:15  Supply Depot  
  77  10:29  Marine  
  77  10:30  SCV  
  77  10:31  SCV  
  77  10:32  Widow Mine, Marauder x2  
  77  10:35  Supply Depot  
  81  10:36  Supply Depot  
  81  10:38  Supply Depot  
  81  10:42  SCV  
  82  10:43  SCV  
  82  10:47  Marine  
  84  10:51  Marine x2  
  84  10:53  Widow Mine, Marauder x2  
  84  10:55  SCV  
  84  10:56  Planetary Fortress  
  93  11:00  SCV, Supply Depot  
  94  11:05  Marine  
  94  11:07  SCV  
  94  11:08  Marine  
  94  11:09  Marine  
  98  11:12  SCV  
  98  11:13  Missile Turret  
  98  11:15  Marauder x2, Siege Tank  
  106  11:19  SCV  
  106  11:22  Marine  
  106  11:24  SCV  
  109  11:26  Marine  
  109  11:27  Marine  
  109  11:31  SCV  
  112  11:33  Missile Turret  
  112  11:36  SCV, Marine x2  
  112  11:38  Command Center  
  112  11:40  Marine  
  112  11:44  SCV, Marine x2  
  101  11:53  Marine x2, Missile Turret  
  93  11:58  Marine  
  89  12:02  Marine x2  
  82  12:11  Marine x2  
  82  12:14  Medivac  
  83  12:16  Marine  
  83  12:20  Marine x2  
  83  12:22  Refinery  
  82  12:24  Refinery  
  82  12:29  Marine x2  
  69  12:31  Refinery  
  69  12:32  Refinery  
  69  12:34  Marine  
  68  12:37  Marine  
  68  12:38  Marine  
  70  12:44  Medivac  
  70  12:47  Barracks, Marine x2  
  70  12:48  Barracks x2  
  69  12:51  Marine  
  69  12:54  SCV  
  69  12:55  Marine  
  69  12:56  Marine  
  71  13:03  Thor  
  71  13:04  Missile Turret  
  71  13:05  Marine x2  
  75  13:06  SCV  
  75  13:09  Marine  
  75  13:13  Marine  
  75  13:14  Marine  
  77  13:22  Marine x2  
  78  13:27  Marine  
  83  13:46  Command Center  
Show
View Real Time Build Order
Export as new Build Order

qqq Zerg 

Build Orders: Hatch First, Zergling Baneling 

Get SALT Encoding   

  12  0:02  Drone  
  13  0:32  Hatchery  
  12  0:40  Drone x2  
  14  0:48  Overlord  
  14  1:06  Spawning Pool  
  14  1:08  Extractor  
  12  1:18  Drone x2  
  12  1:20  Drone  
  15  1:34  Drone  
  16  1:43  Drone  
  16  1:45  Drone  
  18  1:58  Drone  
  18  1:59  Queen  
  21  2:03  Queen  
  21  2:07  Drone  
  24  2:10  Drone  
  25  2:17  Metabolic Boost  
  25  2:21  Zergling x2  
  26  2:27  Overlord  
  26  2:31  Drone  
  26  2:33  Drone  
  28  2:46  Baneling Nest  
  28  2:47  Drone  
  28  2:48  Zergling x4  
  28  2:50  Drone  
  31  2:54  Drone  
  32  3:03  Zergling x2  
  34  3:05  Drone  
  34  3:16  Zergling x4  
  34  3:17  Overlord  
  34  3:18  Overlord  
  36  3:36  Drone  
  36  3:37  Drone, Zergling x2  
  36  3:38  Hatchery, Zergling x2  
  36  3:41  Zergling x2  
  40  3:49  Zergling x2  
  40  3:50  Zergling x2  
  40  3:51  Overlord  
  40  3:53  Zergling x2  
  43  3:56  Zergling x2  
  43  3:59  Baneling x3  
  43  4:00  Baneling  
  43  4:01  Baneling  
  43  4:02  Baneling  
  44  4:04  Zergling x2  
  44  4:06  Drone  
  46  4:12  Zergling x2  
  47  4:17  Zergling x2  
  47  4:19  Zergling x8  
  52  4:24  Spore Crawler  
  52  4:28  Spore Crawler  
  40  4:49  Zergling x2  
  40  4:50  Zergling x8  
  40  4:51  Zergling x4  
  40  4:52  Baneling x2  
  47  4:53  Baneling x3  
  47  5:04  Drone x2, Zergling x2  
  50  5:11  Zergling x2  
  50  5:12  Zergling x2  
  52  5:27  Hatchery  
  43  5:43  Zergling x8  
  43  5:44  Drone x2, Zergling x2  
  43  5:45  Zergling x10  
  52  5:59  Zergling x4  
  54  6:06  Drone  
  54  6:08  Spore Crawler  
  54  6:12  Lair  
  54  6:14  Drone, Zergling x2  
  54  6:15  Drone  
  54  6:16  Zergling x2  
  58  6:25  Baneling  
  58  6:26  Baneling x7  
  58  6:29  Zergling x2  
  58  6:30  Zergling x2  
  60  6:35  Zergling x6  
  60  6:36  Drone x3  
  60  6:38  Overlord x2  
  66  6:47  Extractor  
  65  7:08  Drone, Zergling x6  
  68  7:09  Drone x5  
  68  7:10  Drone x3  
  77  7:16  Spine Crawler  
  77  7:19  Overlord x2  
  77  7:20  Zergling x6  
  77  7:21  Drone x2  
  55  7:53  Zergling x6  
  55  7:54  Zergling x6  
  55  7:55  Drone x5, Zergling x2  
  65  7:59  Spire  
  65  8:01  Spore Crawler  
  65  8:04  Spine Crawler, Spore Crawler  
  61  8:09  Zergling x2  
  62  8:16  Drone x3  
  65  8:26  Hatchery  
  64  8:27  Baneling x4  
  64  8:28  Baneling x2  
  64  8:30  Zergling x4  
  64  8:31  Drone x3, Zergling x2  
  64  8:32  Zergling x4  
  72  8:53  Drone x2  
  72  8:54  Overlord  
  72  8:55  Overlord  
  74  8:57  Zergling x4  
  74  8:58  Drone x2  
  78  9:05  Roach Warren  
  77  9:16  Corruptor  
  76  9:19  Extractor  
  75  9:25  Corruptor  
  77  9:37  Zergling x6  
  74  9:47  Zerg Flyer Weapons Level 1  
  74  9:48  Hatchery  
  73  9:52  Extractor  
  73  9:53  Extractor  
  73  9:55  Extractor  
  73  9:57  Hatchery  
  73  9:58  Drone x2  
  69  10:18  Drone x3  
  72  10:22  Spore Crawler  
  70  10:30  Corruptor x3  
  70  10:31  Corruptor  
  70  10:32  Drone x2  
  70  10:33  Drone x3  
  76  10:53  Zergling x4  
  76  10:54  Overlord  
  76  10:55  Zergling x2, Overlord x2  
  64  11:06  Drone  
  64  11:11  Drone x4  
  68  11:13  Corruptor  
  68  11:14  Corruptor x2  
  73  11:31  Overlord, Corruptor x2  
  73  11:32  Corruptor  
  78  11:42  Hatchery  
  75  11:52  Hatchery  
  68  11:56  Hatchery  
  68  11:57  Zergling x6  
  68  11:58  Corruptor x2  
  68  11:59  Corruptor x2  
  68  12:01  Hatchery  
  62  12:28  Drone x3, Corruptor x3  
  71  12:30  Zergling x4  
  73  12:37  Corruptor  
  73  12:39  Drone  
  63  13:00  Corruptor x4  
  63  13:22  Zergling x2  
  63  13:23  Zergling x4  
  68  13:30  Drone, Spore Crawler  
  68  13:31  Drone  
Show
View Real Time Build Order
Export as new Build Order

Gullesnuffs Protoss - Winner!

Build Orders: 1 Gate Expand, Oracle Opening, Carriers 

Get SALT Encoding   

  12  0:01  Probe  
  13  0:13  Probe  
  14  0:23  Pylon  
  14  0:25  Probe  
  15  0:37  Probe  
  16  0:44  Gateway  
  16  0:45  Probe  
  17  0:52  Assimilator  
  17  0:55  Probe  
  18  1:07  Probe  
  19  1:19  Probe  
  20  1:31  Probe  
  21  1:40  Nexus  
  21  1:45  Cybernetics Core  
  21  1:50  Pylon  
  21  1:55  Probe  
  21  1:59  Assimilator  
  22  2:07  Probe  
  23  2:19  Probe  
  24  2:23  Stargate  
  24  2:26  Stalker  
  24  2:31  Probe  
  27  2:43  Probe  
  28  2:52  Probe  
  28  2:55  Probe  
  30  3:00  Probe  
  30  3:03  Oracle, Forge  
  31  3:07  Probe  
  31  3:09  Probe, Assimilator  
  33  3:19  Probe  
  37  3:22  Probe  
  37  3:26  Stalker  
  40  3:31  Probe  
  40  3:32  Pylon  
  40  3:34  Probe  
  42  3:43  Probe  
  42  3:44  Oracle  
  46  3:50  Probe  
  46  3:52  Assimilator  
  47  3:55  Probe  
  47  3:58  Stalker  
  47  4:02  Probe  
  51  4:04  Pylon  
  51  4:08  Probe  
  52  4:14  Probe  
  53  4:20  Probe  
  54  4:26  Probe  
  54  4:28  Stalker  
  57  4:36  Oracle  
  60  4:48  Shield Battery  
  60  4:54  Pylon  
  60  4:57  Pylon  
  60  4:58  Stalker  
  62  5:02  Robotics Facility  
  62  5:13  Phoenix  
  64  5:15  Fleet Beacon  
  64  5:22  Photon Cannon  
  61  5:47  Oracle  
  61  5:48  Stalker  
  66  6:03  Stargate  
  66  6:08  Protoss Air Weapons Level 1  
  66  6:18  Stalker  
  68  6:23  Carrier  
  68  6:24  Probe  
  72  6:38  Carrier  
  72  6:43  Pylon  
  78  6:56  Pylon  
  78  7:01  Zealot  
  80  7:05  Warp Prism  
  82  7:18  Carrier  
  82  7:28  Zealot  
  90  7:49  Carrier  
  83  8:16  Protoss Air Armor Level 1  
  83  8:23  Carrier  
  89  8:28  Nexus  
  89  8:30  Pylon  
  89  8:32  Pylon  
  89  8:36  Pylon  
  89  8:46  Probe x2  
  89  8:47  Nexus  
  89  8:48  Pylon  
  91  8:51  Pylon  
  91  8:53  Carrier  
  91  8:55  Pylon  
  97  8:58  Probe x2  
  99  9:10  Probe x2  
  99  9:12  Photon Cannon  
  99  9:14  Photon Cannon  
  99  9:16  Photon Cannon  
  101  9:18  Shield Battery  
  101  9:27  Carrier  
  107  9:43  Probe x3  
  110  9:47  Assimilator  
  110  9:51  Assimilator  
  108  9:55  Probe x3  
  108  9:57  Carrier  
  117  10:08  Probe, Photon Cannon  
  117  10:10  Photon Cannon  
  117  10:14  Probe  
  119  10:18  Protoss Air Weapons Level 2  
  119  10:20  Probe  
  120  10:26  Probe  
  120  10:31  Carrier  
  120  10:32  Probe  
  115  10:53  Mothership  
  123  11:01  Carrier  
  129  11:06  Nexus  
  129  11:09  Pylon  
  129  11:11  Photon Cannon  
  129  11:14  Photon Cannon  
  129  11:21  Protoss Shields Level 1  
  129  11:35  Carrier, Cybernetics Core  
  118  12:06  Carrier  
  122  12:40  Carrier  
  128  13:11  Stargate  
  134  13:13  Stargate  
  134  13:28  Probe  
  134  13:33  Assimilator  
  135  13:37  Assimilator  
Show
View Real Time Build Order
Export as new Build Order

TheStone Zerg - Winner!

Build Orders: Hatch First 

Get SALT Encoding   

  12  0:00  Drone  
  13  0:13  Overlord  
  13  0:17  Drone  
  14  0:33  Drone x2  
  16  0:42  Drone  
  17  1:16  Drone  
  17  1:17  Hatchery  
  17  1:19  Drone  
  17  1:21  Extractor  
  17  1:22  Spawning Pool  
  15  1:28  Drone x2  
  17  1:40  Drone  
  18  1:49  Drone  
  19  1:59  Drone  
  20  2:10  Overlord  
  20  2:11  Queen  
  22  2:29  Queen  
  22  2:30  Zergling x2  
  22  2:31  Zergling x2  
  22  2:32  Zergling x2  
  22  2:35  Metabolic Boost  
  27  2:40  Drone  
  28  2:48  Extractor  
  27  2:56  Zergling x6  
  30  2:58  Baneling Nest  
  30  3:03  Overlord x2  
  29  3:16  Overlord  
  29  3:17  Overlord  
  29  3:30  Zergling x8  
  33  3:38  Zergling x4  
  35  3:53  Drone, Zergling x4  
  35  3:54  Drone  
  39  3:56  Baneling x2  
  39  3:57  Baneling x2  
  39  4:04  Drone  
  26  4:48  Zergling x2  
  26  4:49  Zergling x20  
  37  4:57  Spine Crawler x2  
  35  5:02  Drone x2  
  37  5:10  Baneling x3  
  26  5:46  Zergling x4  
  26  5:47  Zergling x16  
  26  5:48  Zergling x2  
  37  6:03  Roach Warren  
  36  6:04  Evolution Chamber  
  36  6:07  Baneling x3  
  35  6:25  Drone x4  
  35  6:26  Drone  
  40  6:33  Baneling x2  
  40  6:41  Baneling x3  
  40  6:42  Baneling x2  
  40  6:43  Zergling x2  
  40  7:11  Baneling x6  
  40  7:15  Lair  
  40  7:19  Drone x6  
  40  7:20  Drone  
  40  7:48  Drone, Baneling  
  40  7:49  Drone, Zergling x6, Roach  
  40  7:50  Zergling x2  
  45  8:05  Drone x4  
  47  8:06  Drone x2  
  51  8:18  Hatchery  
  49  8:33  Drone x2  
  57  8:34  Roach x3  
  57  8:37  Queen  
  59  8:42  Zerg Missile Weapons Level 1  
  59  8:54  Spire  
  58  9:14  Overlord x2  
  58  9:15  Overlord x3  
  58  9:39  Drone  
  58  9:40  Drone x4, Zergling x2  
  58  9:41  Zergling x2, Roach x2  
  69  9:58  Drone  
  69  9:59  Drone x7  
  78  10:00  Drone  
  78  10:08  Mutalisk x3  
  78  10:11  Zerg Flyer Weapons Level 1  
  82  10:34  Extractor  
  81  10:36  Extractor  
  80  10:50  Roach x8  
  80  10:51  Roach x6  
  98  11:01  Zerg Ground Armor Level 1  
  94  11:20  Mutalisk  
  94  11:21  Mutalisk x5  
  96  12:01  Mutalisk  
  96  12:02  Mutalisk x4  
  104  12:14  Mutalisk x2  
  100  12:16  Drone, Zergling x2  
  100  12:17  Drone x4  
  100  12:20  Overlord x3  
  106  12:38  Hatchery  
  105  12:56  Hatchery  
  104  13:03  Drone  
  104  13:04  Drone x17  
  122  13:29  Extractor x2  
  120  13:38  Hatchery  
Tags
 
Add a new tag
Caveats
  • Supply blocks, unpowered buildings, or Contaminate may cause inaccurate times.
  • Supply counts are checked every 10 seconds.